 Dungeon Crawl Stone Soup version 0.30-a0-385-gfebfb9b408 (webtiles) character file.

Game seed: 12244211489628487057

4510 retardedninja the Cleaver (level 10, 0/138 HPs)
             Began as a Hill Orc Fighter on Dec 1, 2022.
             Was an Initiate of Gozag.
             Slain by a wolf (6 damage)
             ... on level 8 of the Dungeon on Dec 2, 2022.
             The game lasted 00:11:59 (8561 turns).

retardedninja the Cleaver (Hill Orc Fighter)        Turns: 8561, Time: 00:12:00

Health: 0/138      AC: 29    Str: 30    XL:     10   Next: 39%
Magic:  10/10      EV:  2    Int:  8    God:    Gozag
Gold:   381        SH:  7    Dex: 10    Spells: 9/9 levels left

rFire   . . .      SeeInvis .    a - +0 war axe
rCold   . . .      Faith    .    c - +1 buckler
rNeg    . . .      Spirit   .    (body armour currently unavailable)
rPois   +          Reflect  .    (helmet currently unavailable)
rElec   .          Harm     .    (cloak currently unavailable)
rCorr   .          Rampage  .    (gloves currently unavailable)
Will    .....      NoTele   +    (boots currently unavailable)
Stlth   +.........               (no amulet)
HPRegen 0.43/turn                q - +6 ring of strength
MPRegen 0.12/turn                z - +4 ring of protection

@: lethally poisoned (0 -> -2), tree-form, gold aura, attractive, very slow
A: stationary, stasis, torment immunity, boosted hp
a: Renounce Religion, Potion Petition, Call Merchant, Bribe Branch


You were on level 8 of the Dungeon.
You worshipped Gozag.
Gozag was aware of your devotion.
You were a tree.
You visited 2 branches of the dungeon, and saw 9 of its levels.
You also visited: Ossuary.

You collected 489 gold pieces.
You paid 108 gold pieces to Gozag.

Inventory:

Hand Weapons
 a - a +0 war axe (weapon)
Armour
 c - a +1 buckler (worn)
 f - a +2 hat (melded)
 i - a +0 chain mail (melded)
 s - a +0 cloak (melded)
 G - a +0 pair of gloves (melded)
Jewellery
 q - a +6 ring of strength (left branch)
 z - a +4 ring of protection (right branch)
 B - a ring of positive energy
 J - a ring of see invisible
Wands
 v - a wand of flame (33)
 x - a wand of roots (11)
Scrolls
 b - a scroll of summoning {unknown}
 e - 4 scrolls of teleportation
 g - a scroll of magic mapping
 h - 5 scrolls of noise
 n - a scroll of amnesia
 o - 2 scrolls of fog
 p - 2 scrolls of vulnerability {unknown}
 r - 4 scrolls of enchant armour
 t - 3 scrolls of blinking {unknown}
 y - a scroll of brand weapon {unknown}
 D - a scroll of identify
Potions
 j - a potion of magic
 k - a potion of heal wounds {unknown}
 m - 2 potions of brilliance
 w - 4 potions of degeneration
 A - a potion of flight
 C - 2 potions of cancellation
 E - 3 potions of mutation
 F - a potion of attraction
 H - a potion of lignification
Miscellaneous
 u - a lightning rod (3/4)


   Skills:
 + Level 9.7 Fighting
 + Level 10.0 Axes
 + Level 8.8 Armour
 + Level 8.9 Shields


You had 9 spell levels left.
You didn't know any spells.
Your spell library contained the following spells:

 Spells                   Type           Power      Damage    Failure   Level
 Magic Dart               Conj           0%         1d3       47%         1
 Call Imp                 Summ           0%         N/A       63%         2
 Mephitic Cloud           Conj/Pois/Air  0%         N/A       85%         3
 Ozocubu's Armour         Ice            0%         N/A       85%         3
 Ozocubu's Refrigeration  Ice            0%         4d7       100%        7
 Chain Lightning          Conj/Air       0%         N/A       100%        9
 Fire Storm               Conj/Fire      0%         5d1       100%        9
 Shatter                  Erth           0%         3d5*      100%        9


Dungeon Overview and Level Annotations

Branches:
Dungeon (8/15)             Temple (1/1) D:7            Lair (0/5) D:8
Ossuary (visited)

Altars:
Ashenzari
Cheibriados
Dithmenos
Gozag
Hepliaklqana
Kikubaaqudgha
Nemelex Xobeh
Okawaru
Sif Muna
Uskayaw
Wu Jian
Yredelemnul
Zin

Annotations:
D:7 3 runed translucent doors, THTSBRD's ghost, novice GnWn; avis's ghost, novice DgHu


Message History

The wolf is no longer distracted by gold.
You feel very sick.
The water moccasin bites you but does no damage.
The wolf bites you but does no damage.
The water moccasin bites you but does no damage.
You slice the water moccasin!!
The water moccasin is almost dead.
You barely miss the wolf.
You feel sick. The wolf bites you but does no damage.
The water moccasin bites you but does no damage.
You block the wolf's attack.
The wolf is distracted by your dazzling golden aura.
You hit the water moccasin but do no damage.
The water moccasin is almost dead.
You slash the wolf!
You feel sick.
The wolf is no longer distracted by gold.
The wolf bites you but does no damage.
The water moccasin bites you but does no damage.
The wolf bites you but does no damage.
You closely miss the water moccasin.
The water moccasin is almost dead.
You closely miss the wolf.
You feel sick.
The water moccasin bites you but does no damage.
The wolf barely misses you.
The water moccasin bites you but does no damage.
You hit the water moccasin but do no damage.
The water moccasin is almost dead.
You miss the wolf.
You feel sick. The wolf bites you but does no damage.
The troll is distracted by your dazzling golden aura.
You block the water moccasin's attack.
The wolf is distracted by your dazzling golden aura.
You barely miss the water moccasin.
The water moccasin is almost dead.
The wolf howls!
The troll shouts!
You hit the wolf.
The wolf is no longer distracted by gold.
You feel sick. You block the wolf's attack.
The water moccasin bites you but does no damage.
The wolf bites you.
You die...
Your body crumbles into a pile of gold.

.. #### #### ...
....###### ##..### #.#
.........###.....##.#
≈.~....~.##.........#
~.≈.~....##........###
~~≈≈≈~~..#...........##
.~≈≈≈~S♣.......<......#
≈≈≈≈≈~h...............##
~≈~≈≈≈≈~$..............#
~.~hh≈≈≈≈##.............
...hT≈≈≈≈##.............
.>..h≈≈≈≈##.............
....≈~≈≈≈##.....^.......
~..≈≈~≈≈≈##............#
...≈~≈~~.###.........###


You could see a troll, a water moccasin, 4 wolves and a hound.

Vanquished Creatures
  A two-headed ogre (D:6)
  The ghost of Uniporpoise the Reanimator, a novice DsNe of Makhleb (D:6)
  Eustachio (D:4)
  A shadow (D:6)
  An acid dragon (D:8)
  2 water moccasins
  Duvessa (D:4)
  2 sky beasts (D:7)
  3 ice beasts (D:5)
  2 black bears
  3 ogres
  A wolf (D:8)
  2 centaurs
  3 phantoms
  A gnoll sergeant (D:7)
  Blork the orc (D:4)
  3 necrophages
  3 bullfrogs
  A scorpion (D:6)
  Dowan (D:4)
  4 electric eels (D:8)
  3 centaur zombies (Ossuary)
  Crazy Yiuf (D:4)
  3 hounds
  2 iguanas (D:5)
  Terence (D:2)
  2 orc wizards (D:7)
  5 mummies (Ossuary)
  11 gnolls
  9 adders
  A shadow imp (D:5)
  A white imp (D:7)
  A worm (D:4)
  10 orcs
  5 ball pythons
  6 endoplasms
  4 giant cockroaches
  9 goblins
  6 hobgoblins
  12 jackals
  5 quokkas
  5 bats
  3 frilled lizards (D:1)
  4 hobgoblin zombies (Ossuary)
  8 kobolds
  6 rats (D:1)
  A bush (D:1)
162 creatures vanquished.

Vanquished Creatures (others)
  6 plants
6 creatures vanquished.

Grand Total: 168 creatures vanquished

Notes
Turn   | Place    | Note
-------+----------+-------------------------------------------
     0 | D:1      | retardedninja the Hill Orc Fighter began the quest for the
                  | Orb.
     0 | D:1      | Reached XP level 1. HP: 19/19 MP: 1/1
    70 | D:1      | Upgraded the game from 0.30-a0-381-g6ea064c7b4 to
                  | 0.30-a0-385-gfebfb9b408
   139 | D:1      | Reached XP level 2. HP: 27/27 MP: 2/2
   141 | D:1      | Reached skill level 3 in Axes
   389 | D:1      | Reached XP level 3. HP: 33/33 MP: 3/3
   968 | D:2      | Noticed Terence
   974 | D:2      | Killed Terence
   975 | D:2      | Reached XP level 4. HP: 35/41 MP: 4/4
  1204 | D:2      | Noticed an ogre
  1215 | D:2      | Killed an ogre
  1216 | D:2      | Reached skill level 4 in Axes
  1216 | D:2      | Reached XP level 5. HP: 16/47 MP: 5/5
  1387 | D:2      | Reached skill level 5 in Fighting
  1389 | D:2      | Reached XP level 6. HP: 56/56 MP: 6/6
  1774 | D:3      | You fall into a shaft and drop 2 floors!
  1774 | D:5      | Entered Level 5 of the Dungeon
  2106 | D:4      | Reached skill level 5 in Axes
  2120 | D:4      | Reached skill level 5 in Armour
  2190 | D:4      | Noticed Eustachio
  2204 | D:4      | Killed Eustachio
  2205 | D:4      | Reached skill level 5 in Shields
  2205 | D:4      | Reached XP level 7. HP: 30/62 MP: 7/7
  2687 | D:4      | Found a runed translucent door.
  2688 | D:4      | Noticed Crazy Yiuf
  2715 | D:4      | Noticed Duvessa
  2715 | D:4      | Noticed Dowan
  2724 | D:4      | Killed Duvessa
  2733 | D:4      | Killed Dowan
  3121 | D:4      | Noticed Blork the orc
  3134 | D:4      | Killed Blork the orc
  3135 | D:4      | Reached skill level 6 in Axes
  3722 | D:4      | Reached XP level 8. HP: 69/71 MP: 8/8
  4030 | D:4      | Found a broken altar of Ashenzari.
  4187 | D:4      | Killed Crazy Yiuf
  5113 | D:5      | Reached skill level 7 in Axes
  5494 | D:6      | Found a sand-covered staircase.
  5501 | Ossuary  | Entered an ossuary
  5564 | Ossuary  | Reached XP level 9. HP: 75/79 MP: 9/9
  5645 | D:6      | Noticed a two-headed ogre
  5660 | D:6      | Killed a two-headed ogre
  5661 | D:6      | Reached skill level 8 in Axes
  6671 | D:6      | Found a runed translucent door.
  6673 | D:6      | Noticed Uniporpoise's ghost (novice DsNe)
  6694 | D:6      | Killed Uniporpoise's ghost
  6695 | D:6      | Reached skill level 9 in Axes
  6881 | D:6      | Reached XP level 10. HP: 91/91 MP: 10/10
  7156 | D:7      | Found a runed translucent gate.
  7156 | D:7      | Found a runed translucent gate.
  7156 | D:7      | Found a runed translucent gate.
  7157 | D:7      | Noticed avis's ghost (novice DgHu)
  7161 | D:7      | Noticed THTSBRD's ghost (novice GnWn)
  7341 | D:7      | Found a staircase to the Ecumenical Temple.
  7364 | Temple   | Entered the Ecumenical Temple
  7413 | Temple   | Became a worshipper of Gozag Ym Sagoz the Greedy
  8124 | D:8      | Found a staircase to the Lair.
  8544 | D:8      | Reached skill level 10 in Axes
  8561 | D:8      | HP: 6/138 [poisoned by a water moccasin]
  8561 | D:8      | Slain by a wolf

Illustrated notes

Levels and vault maps discovered:
D:1:      shiori_shiawase, layout_basic, serial_forest,
          infiniplex_forest_straight_3, infiniplex_forest_clump_small,
          infiniplex_forest_clump_C, infiniplex_forest_end_2,
          infiniplex_forest_zigzag_1, infiniplex_forest_clump_large,
          infiniplex_forest_lined_ring, infiniplex_forest_diagonal,
          chequers_serial_rivers_micro_d, chequers_serial_rivers_marsh,
          minmay_misc_feat_rows
D:2:      layout_loops_ring, uniq_terence
D:3:      layout_rooms, chequers_serial_rivers_room_a, kennysheep_flooded_box
D:4:      layout_loops_ring, overflow_temple_1_default,
          amcnicky_mini_pool_small, serial_bayou_crossing,
          uniq_crazy_yiuf_cottage, uniq_duvessa, uniq_eustachio,
          uniq_blork_the_orc
D:5:      layout_gridville, chequers_jeans
D:6:      layout_loops_corners, ebering_ghost_inner_flame,
          nicolae_ossuary_entry_plus
D:7:      layout_loops_cross, minmay_temple_entry_crystal_x,
          gammafunk_ghost_cemetery
D:8:      layout_cave_pods, kennysheep_mini_moat, erik_lair_island
Temple:   nicolae_temple_two_arcs

Skill      XL: |  1  2  3  4  5  6  7  8  9 10 |
---------------+-------------------------------+-----
Axes           | 3 4 5 6 7 9 10 | 10.0
Fighting       | 4 5 6 7 9 |  9.7
Armour         | 4 5 6 8 |  8.8
Shields        | 4 5 6 8 |  8.9

Action                   |  1- 3 |  4- 6 |  7- 9 | 10-12 || total
-------------------------+-------+-------+-------+-------++-------
Melee: War axe           |   170 |   133 |   222 |   134 ||   659
Evoke: Lightning rod     |       |       |       |     1 ||     1
  Use: Potion            |       |     7 |     5 |     5 ||    17
       Scroll            |       |     2 |    11 |       ||    13
 Stab: Invisible         |       |     1 |       |       ||     1
Armor: Scale mail        |    56 |   105 |    53 |       ||   214
       Chain mail        |       |       |    66 |    52 ||   118
       Skin              |       |       |       |    31 ||    31
Dodge: Dodged            |    49 |    88 |    83 |    29 ||   249
Block: Buckler           |    24 |    40 |    63 |    39 ||   166

Table legend: (Time is in decaauts)
 A = Elapsed time spent in this place.
 B = Non-inter-level travel time spent in this place.
 C = Inter-level travel time spent in this place.
 D = Time resting spent in this place.
 E = Time spent auto-exploring this place.
 F = Levels seen in this place.
 G = Mean time per level.
                   A        B        C        D        E       F      G
               +--------+--------+--------+--------+--------+-----+--------+
         Total |   8658 |   8365 |    293 |   2173 |   4616 |  10 |  865.8 |
       Dungeon |   8458 |   8165 |    293 |   2173 |   4515 |   8 | 1057.2 |
        Temple |     69 |     69 |      0 |      0 |     35 |   1 |   69.0 |
       Ossuary |    129 |    129 |      0 |      0 |     66 |   1 |  129.0 |
               +--------+--------+--------+--------+--------+-----+--------+

Top non-repeatable levels by time:
     D:4: 2246 daAuts
     D:6: 1633 daAuts
     D:7: 1252 daAuts
     D:5: 977 daAuts
     D:1: 877 daAuts
     D:2: 800 daAuts
     D:3: 567 daAuts
 Ossuary: 129 daAuts
     D:8: 104 daAuts
  Temple: 69 daAuts
